TOP OF THE 1ST |
Lakewood BlueClaws batting - Pitching for Wisconsin Timber Rattlers : LHP Taek-hyun Kim
|
Pitching: LHP Taek-hyun Kim
|
|
Batting: RHB Joe Hewitt
|
0-0: Swinging Strike 0-1: Ball 1-1: Ground out 1-3 (Groundball, 34S, EV 67.5 MPH)
|
Batting: SHB Ben Myers
|
0-0: Swinging Strike 0-1: Called Strike 0-2: Strikes out swinging
|
Batting: RHB Vaclav Been
|
0-0: Ball 1-0: Ball 2-0: Ball 3-0: Base on Balls
|
Batting: LHB Danny Zuniga
|
0-0: Ball 1-0: Called Strike 1-1: Ground out U3 (Groundball, 3L, EV 83.1 MPH)
|
Top of the 1st over - 0 runs, 0 hits, 0 errors, 1 left on base; Lakewood 0 - Wisconsin 0 |
BOTTOM OF THE 1ST |
Wisconsin Timber Rattlers batting - Pitching for Lakewood BlueClaws : RHP Omar Pineda
|
Pitching: RHP Omar Pineda
|
|
Batting: LHB Karel Hort
|
0-0: Ball 1-0: Called Strike 1-1: Ball 2-1: Foul Ball, location: 2F 2-2: Ground out 6-3 (Groundball, 4S, EV 71.2 MPH)
|
Batting: RHB Dan Allred
|
0-0: Ball 1-0: Ball 2-0: Ball 3-0: Called Strike 3-1: Base on Balls
|
Batting: LHB Jason Raker
|
Pickoff Throw to First - Out! 1-3 CS 0-0: Called Strike 0-1: Ball 1-1: Ball 2-1: Ball 3-1: Fly out, F7 (Flyball, 78M, EV 91.9 MPH)
|
Bottom of the 1st over - 0 runs, 0 hits, 0 errors, 0 left on base; Lakewood 0 - Wisconsin 0 |
TOP OF THE 2ND |
Lakewood BlueClaws batting - Pitching for Wisconsin Timber Rattlers : LHP Taek-hyun Kim
|
Batting: LHB Eric Farren
|
0-0: Ball 1-0: Foul Ball, location: 2F 1-1: Foul Ball, location: 2F 1-2: Fly out, F8 (Flyball, 8RM, EV 90.0 MPH)
|
Batting: RHB Marcus Dawson
|
0-0: Called Strike 0-1: Foul Ball, location: 2F 0-2: Ball 1-2: Strikes out looking
|
Batting: RHB Allen Gravel
|
0-0: Swinging Strike 0-1: Foul Ball, location: 2F 0-2: Foul Ball, location: 2F 0-2: Ball 1-2: Ball 2-2: Foul Ball, location: 2F 2-2: DOUBLE (Line Drive, 7LS, EV 87.5 MPH)
|
Batting: RHB Cory Bonham
|
0-0: Ball 1-0: Ball 2-0: Called Strike 2-1: Called Strike 2-2: Ball 3-2: Strikes out swinging
|
Top of the 2nd over - 0 runs, 1 hit, 0 errors, 1 left on base; Lakewood 0 - Wisconsin 0 |
BOTTOM OF THE 2ND |
Wisconsin Timber Rattlers batting - Pitching for Lakewood BlueClaws : RHP Omar Pineda
|
Batting: SHB Jerry Duffy
|
0-0: Called Strike 0-1: Ball 1-1: Foul Ball, location: 2F 1-2: Ball 2-2: Ball 3-2: Ground out 4-3 (Groundball, 4, EV 80.6 MPH)
|
Batting: SHB Craig Wright
|
0-0: Ball 1-0: Fly out, F7 (Flyball, 7, EV 85.6 MPH)
|
Batting: LHB Umar Matoub
|
0-0: Called Strike 0-1: Ball 1-1: Ball 2-1: Hit by Pitch
|
Batting: RHB Dustin Hartman
|
0-0: Ball 1-0: Foul Ball, location: 2F 1-1: Reached on error, E5 (Groundball, 56, EV 100.0 MPH) Umar Matoub to second
|
Batting: RHB Alfredo Sena
|
0-0: Ball 1-0: Ball 2-0: Ball 3-0: Base on Balls Umar Matoub to third Dustin Hartman to second
|
Batting: RHB Dusty Bates
|
0-0: Ball 1-0: Ball 2-0: Ball 3-0: Called Strike 3-1: SINGLE (Line Drive, 56D, EV 100.0 MPH) Umar Matoub scores Dustin Hartman to third Alfredo Sena to second
|
Batting: LHB Karel Hort
|
0-0: Called Strike 0-1: Ball 1-1: Fly out, F5 (Line Drive, 5L, EV 69.4 MPH)
|
Bottom of the 2nd over - 1 run, 1 hit, 1 error, 3 left on base; Lakewood 0 - Wisconsin 1 |
TOP OF THE 3RD |
Lakewood BlueClaws batting - Pitching for Wisconsin Timber Rattlers : LHP Taek-hyun Kim
|
Batting: RHB Frank Ramirez
|
0-0: Ball 1-0: Called Strike 1-1: Called Strike 1-2: Ball 2-2: Ball 3-2: Foul Ball, location: 2F 3-2: Base on Balls
|
Batting: RHB Joe Hewitt
|
0-0: Fly out, F7 (Flyball, 7LDF, EV 81.9 MPH)
|
Batting: SHB Ben Myers
|
0-0: Ball 1-0: Foul Ball, location: 2F 1-1: Ball Frank Ramirez is caught stealing 2nd base 2-4 2-1: Foul Ball, location: 2F 2-2: Strikes out swinging
|
Top of the 3rd over - 0 runs, 0 hits, 0 errors, 0 left on base; Lakewood 0 - Wisconsin 1 |
BOTTOM OF THE 3RD |
Wisconsin Timber Rattlers batting - Pitching for Lakewood BlueClaws : RHP Omar Pineda
|
Batting: RHB Dan Allred
|
0-0: Called Strike 0-1: Swinging Strike 0-2: Ground out 6-3 (Groundball, 6D, EV 108.8 MPH)
|
Batting: LHB Jason Raker
|
0-0: SINGLE (Groundball, 4MD, EV 104.4 MPH)
|
Batting: SHB Jerry Duffy
|
0-0: Called Strike 0-1: Ball 1-1: Ball 2-1: Called Strike 2-2: Fielders Choice at 2nd, 4-6 (Groundball, 4, EV 84.4 MPH)
|
Batting: SHB Craig Wright
|
0-0: Ball 1-0: Called Strike 1-1: Foul Ball, location: 2F 1-2: Ball 2-2: Foul Ball, location: 2F 2-2: Ball 3-2: Strikes out looking
|
Bottom of the 3rd over - 0 runs, 1 hit, 0 errors, 1 left on base; Lakewood 0 - Wisconsin 1 |
TOP OF THE 4TH |
Lakewood BlueClaws batting - Pitching for Wisconsin Timber Rattlers : LHP Taek-hyun Kim
|
Batting: RHB Vaclav Been
|
0-0: Ball 1-0: Called Strike 1-1: Foul Ball, location: 2F 1-2: Strikes out swinging
|
Batting: LHB Danny Zuniga
|
0-0: Ball 1-0: DOUBLE (Line Drive, 3D, EV 109.4 MPH)
|
Batting: LHB Eric Farren
|
0-0: Called Strike 0-1: Foul Ball, location: 2F 0-2: Ball 1-2: Foul Ball, location: 2F 1-2: Strikes out swinging
|
Batting: RHB Marcus Dawson
|
0-0: Ball 1-0: TRIPLE (Flyball, 89XD, EV 92.5 MPH) Danny Zuniga scores
|
Batting: RHB Allen Gravel
|
0-0: Foul Ball, location: 2F 0-1: Foul Ball, location: 2F 0-2: Ball 1-2: Strikes out swinging
|
Top of the 4th over - 1 run, 2 hits, 0 errors, 1 left on base; Lakewood 1 - Wisconsin 1 |
BOTTOM OF THE 4TH |
Wisconsin Timber Rattlers batting - Pitching for Lakewood BlueClaws : RHP Omar Pineda
|
Batting: LHB Umar Matoub
|
0-0: Foul Ball, location: 2F 0-1: Called Strike 0-2: Foul Ball, location: 2F 0-2: Strikes out swinging
|
Batting: RHB Dustin Hartman
|
0-0: Called Strike 0-1: Foul Ball, location: 2F 0-2: Ball 1-2: Strikes out swinging
|
Batting: RHB Alfredo Sena
|
0-0: Called Strike 0-1: Ball 1-1: Ball 2-1: Ground out 5-3 (Groundball, 56, EV 107.5 MPH)
|
Bottom of the 4th over - 0 runs, 0 hits, 0 errors, 0 left on base; Lakewood 1 - Wisconsin 1 |
TOP OF THE 5TH |
Lakewood BlueClaws batting - Pitching for Wisconsin Timber Rattlers : LHP Taek-hyun Kim
|
Batting: RHB Cory Bonham
|
0-0: Ball 1-0: Ball 2-0: Called Strike 2-1: Ball 3-1: Base on Balls
|
Batting: RHB Frank Ramirez
|
0-0: Ball 1-0: Swinging Strike 1-1: Swinging Strike 1-2: Strikes out swinging
|
Batting: RHB Joe Hewitt
|
0-0: Called Strike 0-1: Foul Ball, location: 2F 0-2: Foul Ball, location: 2F 0-2: Fielders Choice at 2nd, 4-6 (Groundball, 4, EV 78.8 MPH)
|
Batting: SHB Ben Myers
|
0-0: Called Strike 0-1: Ball 1-1: Swinging Strike 1-2: Ball 2-2: Strikes out looking
|
Top of the 5th over - 0 runs, 0 hits, 0 errors, 1 left on base; Lakewood 1 - Wisconsin 1 |
BOTTOM OF THE 5TH |
Wisconsin Timber Rattlers batting - Pitching for Lakewood BlueClaws : RHP Omar Pineda
|
Batting: RHB Dusty Bates
|
0-0: Swinging Strike 0-1: Ball 1-1: Foul Ball, location: 2F 1-2: Ball 2-2: Foul Ball, location: 2F 2-2: Strikes out swinging, 2-3 out at first.
|
Batting: LHB Karel Hort
|
0-0: Ball 1-0: Ball 2-0: Ball 3-0: Fly out, F9 (Flyball, 89M, EV 90.6 MPH)
|
Batting: RHB Dan Allred
|
0-0: Swinging Strike 0-1: Ball 1-1: Ball 2-1: Ball 3-1: Called Strike 3-2: Fly out, F8 (Flyball, 8LM, EV 83.1 MPH)
|
Bottom of the 5th over - 0 runs, 0 hits, 0 errors, 0 left on base; Lakewood 1 - Wisconsin 1 |
TOP OF THE 6TH |
Lakewood BlueClaws batting - Pitching for Wisconsin Timber Rattlers : LHP Taek-hyun Kim
|
Batting: RHB Vaclav Been
|
0-0: Ball 1-0: Swinging Strike 1-1: Ball 2-1: Fly out, F8 (Flyball, 8RM, EV 87.5 MPH)
|
Batting: LHB Danny Zuniga
|
0-0: SINGLE (Flyball, 8LS, EV 94.4 MPH)
|
Batting: LHB Eric Farren
|
0-0: Called Strike 0-1: Ball 1-1: Ball 2-1: SINGLE (Line Drive, 9S, EV 107.5 MPH) Danny Zuniga to second
|
Batting: RHB Marcus Dawson
|
0-0: Ball 1-0: Called Strike 1-1: Foul Ball, location: 2F 1-2: Ball 2-2: Ground out U3 (Groundball, 3S, EV 80.6 MPH) Danny Zuniga to third Eric Farren to second
|
Batting: RHB Allen Gravel
|
0-0: Foul Ball, location: 2F 0-1: Ground out 6-3 (Groundball, 6, EV 83.8 MPH)
|
Top of the 6th over - 0 runs, 2 hits, 0 errors, 2 left on base; Lakewood 1 - Wisconsin 1 |
BOTTOM OF THE 6TH |
Wisconsin Timber Rattlers batting - Pitching for Lakewood BlueClaws : RHP Omar Pineda
|
Batting: LHB Jason Raker
|
0-0: Ball 1-0: Foul Ball, location: 2F 1-1: Foul Ball, location: 2F 1-2: Fly out, F7 (Flyball, 7, EV 89.4 MPH)
|
Batting: SHB Jerry Duffy
|
0-0: Called Strike 0-1: Ball 1-1: Ball 2-1: Swinging Strike 2-2: Foul Ball, location: 2F 2-2: Ball 3-2: Foul Ball, location: 2F 3-2: Foul Ball, location: 2F 3-2: Fly out, F8 (Flyball, 78M, EV 89.4 MPH)
|
Pitching: RHP Chris Miles
|
|
Batting: SHB Craig Wright
|
0-0: Ground out 5-3 (Groundball, 15, EV 88.1 MPH)
|
Bottom of the 6th over - 0 runs, 0 hits, 0 errors, 0 left on base; Lakewood 1 - Wisconsin 1 |
TOP OF THE 7TH |
Lakewood BlueClaws batting - Pitching for Wisconsin Timber Rattlers : LHP Taek-hyun Kim
|
Batting: RHB Cory Bonham
|
0-0: Ball 1-0: Called Strike 1-1: Ball 2-1: Ground out 6-3 (Groundball, 6, EV 81.9 MPH)
|
Pitching: RHP Sal Contreras
|
|
Batting: RHB Frank Ramirez
|
0-0: Called Strike 0-1: Swinging Strike 0-2: Ball 1-2: Foul Ball, location: 2F 1-2: Strikes out swinging
|
Batting: RHB Joe Hewitt
|
0-0: Ball 1-0: Called Strike 1-1: Called Strike 1-2: Strikes out swinging
|
Top of the 7th over - 0 runs, 0 hits, 0 errors, 0 left on base; Lakewood 1 - Wisconsin 1 |
BOTTOM OF THE 7TH |
Wisconsin Timber Rattlers batting - Pitching for Lakewood BlueClaws : RHP Chris Miles
|
Batting: LHB Umar Matoub
|
0-0: Called Strike 0-1: Ball 1-1: Ball 2-1: SINGLE (Groundball, 6MD, EV 95.6 MPH)
|
Batting: RHB Dustin Hartman
|
0-0: Ball 1-0: Swinging Strike Passed Ball! Umar Matoub to second 1-1: Ball 2-1: Foul Ball, location: 2F 2-2: Fly out, F9 (Line Drive, 9LM, EV 85.6 MPH)
|
Batting: RHB Alfredo Sena
|
0-0: Called Strike 0-1: Ball 1-1: Foul Ball, location: 2F 1-2: Foul Ball, location: 2F 1-2: Foul Ball, location: 2F 1-2: SINGLE (Line Drive, 6MD, EV 99.4 MPH) Umar Matoub to third
|
Batting: RHB Dusty Bates
|
0-0: Fly out, F9 (Flyball, 9, EV 82.5 MPH)
|
Batting: LHB Karel Hort
|
0-0: Called Strike 0-1: Swinging Strike 0-2: Strikes out looking
|
Bottom of the 7th over - 0 runs, 2 hits, 0 errors, 2 left on base; Lakewood 1 - Wisconsin 1 |
TOP OF THE 8TH |
Lakewood BlueClaws batting - Pitching for Wisconsin Timber Rattlers : RHP Sal Contreras
|
Batting: SHB Ben Myers
|
0-0: Swinging Strike 0-1: Swinging Strike 0-2: Ball 1-2: Ground out 4-3 (Groundball, 4M, EV 82.5 MPH)
|
Pinch Hitting: SHB Gabe Fraunfelder
|
0-0: Called Strike 0-1: Called Strike 0-2: Strikes out swinging
|
Batting: LHB Danny Zuniga
|
0-0: Ball 1-0: Called Strike 1-1: Swinging Strike 1-2: Ball 2-2: Strikes out swinging
|
Top of the 8th over - 0 runs, 0 hits, 0 errors, 0 left on base; Lakewood 1 - Wisconsin 1 |
BOTTOM OF THE 8TH |
Wisconsin Timber Rattlers batting - Pitching for Lakewood BlueClaws : RHP Chris Miles
|
Pitching: RHP Jeremy Mitchem
|
|
Now in RF: Gabe Fraunfelder
|
|
Pinch Hitting: LHB Rick Campbell
|
0-0: Reached on error, E3 (Groundball, 34, EV 81.9 MPH)
|
Batting: LHB Jason Raker
|
0-0: Intentional Walk
|
Batting: SHB Jerry Duffy
|
0-0: Called Strike 0-1: Ball 1-1: Swinging Strike 1-2: Strikes out looking
|
Batting: SHB Craig Wright
|
0-0: Swinging Strike 0-1: Swinging Strike 0-2: Foul Ball, location: 2F 0-2: Foul Ball, location: 2F 0-2: Strikes out swinging
|
Batting: LHB Umar Matoub
|
0-0: Called Strike 0-1: Ball 1-1: Ball 2-1: Ball 3-1: Swinging Strike 3-2: SINGLE (Line Drive, 89S, EV 100.0 MPH) Rick Campbell to third Jason Raker to second Rick Campbell scores Jason Raker to third
|
Batting: RHB Dustin Hartman
|
0-0: Ball 1-0: Swinging Strike 1-1: Ball 2-1: Fielders Choice at 2nd, 6-4 (Groundball, 6, EV 91.2 MPH)
|
Bottom of the 8th over - 1 run, 1 hit, 1 error, 2 left on base; Lakewood 1 - Wisconsin 2 |
TOP OF THE 9TH |
Lakewood BlueClaws batting - Pitching for Wisconsin Timber Rattlers : RHP Sal Contreras
|
Pitching: RHP Drew Tollefsen
|
|
Now at 2B: C.J. Olivares
|
|
Now at SS: Rick Campbell
|
|
Now in RF: Craig Wright
|
|
Batting: LHB Eric Farren
|
0-0: Ball 1-0: Called Strike 1-1: Ball 2-1: SINGLE (Groundball, 4M, EV 81.9 MPH) (infield hit)
|
Batting: RHB Marcus Dawson
|
0-0: Sac Bunt to 25 - play at first, batter OUT! 5-3 Eric Farren to second
|
Batting: RHB Allen Gravel
|
0-0: Ball 1-0: Ball 2-0: Ball 3-0: Base on Balls
|
Batting: RHB Cory Bonham
|
0-0: Called Strike 0-1: Ball 1-1: Ball 2-1: Foul Ball, location: 2F 2-2: Ball 3-2: Foul Ball, location: 2F 3-2: Foul Ball, location: 2F 3-2: Strikes out swinging
|
Batting: RHB Frank Ramirez
|
0-0: Called Strike 0-1: Ball 1-1: Ball 2-1: Foul Ball, location: 2F 2-2: Ball 3-2: Foul Ball, location: 2F 3-2: Strikes out swinging
|
Top of the 9th over - 0 runs, 1 hit, 0 errors, 2 left on base; Lakewood 1 - Wisconsin 2 |
|